 Dungeon Crawl Stone Soup version 0.29.0-4-gdea44cf6ec (webtiles) character file.

Game seed: 5382582652301540457

34 qw the Chopper (level 3, 0/21 HPs)
             Began as a Tengu Warper on Aug 28, 2022.
             Succumbed to their own poison gas
             ... on level 1 of the Dungeon.
             The game lasted 00:00:07 (1544 turns).

qw the Chopper (Tengu Warper)                       Turns: 1544, Time: 00:00:08

Health: 0/21       AC: 10    Str: 19    XL:     3   Next: 31%
Magic:  7/7        EV:  8    Int: 13    God:
Gold:   69         SH:  0    Dex: 13    Spells: 6/6 levels left

rFire   . . .      SeeInvis .   Y - +0 hand axe
rCold   + . .      Faith    .   (no shield)
rNeg    . . .      Spirit   .   j - +2 chain mail {rC+}
rPois   .          Reflect  .   (helmet restricted)
rElec   .          Harm     .   (no cloak)
rCorr   .          Rampage  .   (no gloves)
Will    .....                   (boots unavailable)
Stlth   ..........              (no amulet)
HPRegen 0.07/turn               h - +6 ring of strength
MPRegen 0.10/turn               (no ring)

@: lethally poisoned (0 -> -9)
A: beak, talons 3
a: no special abilities


You were on level 1 of the Dungeon.
You visited 1 branch of the dungeon, and saw 1 of its levels.

You collected 69 gold pieces.


Innate Abilities, Weirdness & Mutations

You have a beak for a mouth.
You have claws for feet.


   Skills:
 - Level 2.0 Fighting
 + Level 4.0 Axes
 - Level 1.0 Throwing
 - Level 1.1 Armour
 - Level 2.1 Dodging
 - Level 2.0 Spellcasting
 - Level 2.4 Translocations


You had 6 spell levels left.
You didn't know any spells.
Your spell library contained the following spells:

 Spells                   Type           Power      Damage    Failure   Level
 Blink                    Tloc           14%        N/A       88%         2
 Gell's Gravitas          Tloc           7%         N/A       98%         3
 Lesser Beckoning         Tloc           7%         N/A       98%         3
 Teleport Other           Tloc           7%         N/A       98%         3
 Manifold Assault         Tloc           7%         N/A       100%        5

Inventory:

Hand Weapons
 d - a +0 mace
 Y - a +0 hand axe (weapon)
Armour
 j - a +2 chain mail of cold resistance (worn)
Jewellery
 h - a +6 ring of strength (left hand)

Dungeon Overview and Level Annotations

Branches:
Dungeon (1/15)

Altars:


Message History

1416 ||| READING scroll labelled NAIJOMN TAFUI.
As you read the scroll labelled NAIJOMN TAFUI, it crumbles to dust.
It is a scroll of enchant armour.
Really abort (and waste the scroll)?
Done exploring.
1417 ||| READING 2 scrolls labelled WUNYXK IRUODA.
As you read the scroll labelled WUNYXK IRUODA, it crumbles to dust.
Your body is wracked with pain!
It was a scroll of torment.
You start resting.
HP restored.
Done exploring.
1537 ||| READING scroll labelled ROEPIJOEPH.
As you read the scroll labelled ROEPIJOEPH, it crumbles to dust.
You feel momentarily disoriented.
It was a scroll of magic mapping.
Done exploring.
1538 ||| READING scroll labelled VEINORGH HAKAGU.
The air fills with toxic fumes!
As you read the scroll labelled VEINORGH HAKAGU, it crumbles to dust.
It was a scroll of poison.
Done exploring.
1539 ||| DROPPING scroll of blinking.
You drop a scroll of blinking.
Done exploring.
1540 ||| DROPPING scroll of torment.
You drop a scroll of torment.
Done exploring.
(D) Dungeon
Where to? (* - list waypoints, ? - help)
What level of the Dungeon? (default 1, ? - help) Sorry, I don't know how to get there.
Done exploring.
1541 ||| Stepping randomly (stuck).
Really walk into that cloud of poison gas?
You are engulfed in poison gas.
You are poisoned.
You feel very sick.
1542 ||| Stepping ~*~*~tactically~*~*~ (cloud).
You feel very sick.
Items here: ?? [[.
There is a lethal amount of poison in your body!
You feel very sick.
There is a lethal amount of poison in your body!
You die...

.# #..##.#######.##...# .#
#.##.##...~.##.##..#
.####.#.##.#####.##.#..# ####
.#....#.#.##...##¤#.#..# #...
.#.#..#(#.'.###.#¤#.#..#######...
.#.#..#.#.#.#<#.#¤#.#............
.#.#..#.#.#.#'#.#¤#.#....#####...
.#.#..#.#.##.~.##¤#.#.#.....##...
......#.##.#####@##.#...###......
.#.#..##.#'...¤¤##.##...# ###.##.
.#.#...##.#######.##..#.# #.##.
.#.###..##...~.[..#..##.# #.##.
.#....#.(#########..###.# #....
.####.##...........## #.# ###..
.# #.#######.#.#### #.# ##. .#
#.# #....# #.# #. .# #.# #.####
#.# #.


There were no monsters in sight!

Vanquished Creatures
  2 dart slugs (D:1)
  3 bats (D:1)
  3 endoplasms (D:1)
  A giant cockroach (D:1)
  5 hobgoblins (D:1)
  2 kobolds (D:1)
  3 quokkas (D:1)
  2 ball pythons (D:1)
  4 frilled lizards (D:1)
  3 rats (D:1)
28 creatures vanquished.

Notes
Turn   | Place    | Note
-------+----------+-------------------------------------------
     0 | D:1      | qw the Tengu Warper began the quest for the Orb.
     0 | D:1      | Reached XP level 1. HP: 12/12 MP: 4/4
     0 | D:1      | 0 ||| qw: Version: 0.1-a-89-g26bdef1
     0 | D:1      | 0 ||| qw: Game counter: 2009
     0 | D:1      | 0 ||| qw: Always use a shield: true
     0 | D:1      | 0 ||| qw: God list: Okawaru
     0 | D:1      | 0 ||| qw: Allow faded altars: false
     0 | D:1      | 0 ||| qw: Do Orc after D:15 true
     0 | D:1      | 0 ||| qw: Do second Lair branch before Depths: true
     0 | D:1      | 0 ||| qw: Lair rune preference: random
     0 | D:1      | 0 ||| qw: Plans: Normal
     0 | D:1      | 0 ||| PLANNING D:1-11
   358 | D:1      | Reached XP level 2. HP: 17/17 MP: 6/6
   364 | D:1      | Reached skill level 3 in Axes
   401 | D:1      | 401 ||| DROPPING +0 club.
   753 | D:1      | Found a faded altar of an unknown god.
   790 | D:1      | Reached XP level 3. HP: 21/21 MP: 7/7
   881 | D:1      | 881 ||| Stepping ~*~*~tactically~*~*~ (stealth).
   911 | D:1      | Reached skill level 4 in Axes
  1393 | D:1      | 1393 ||| UPGRADING to +0 ring mail.
  1403 | D:1      | 1403 ||| DROPPING +0 leather armour.
  1404 | D:1      | 1404 ||| UPGRADING to +2 chain mail of cold resistance.
  1414 | D:1      | 1414 ||| DROPPING +0 ring mail.
  1415 | D:1      | 1415 ||| UPGRADING to +6 ring of strength.
  1416 | D:1      | 1416 ||| READING scroll labelled NAIJOMN TAFUI.
  1417 | D:1      | 1417 ||| READING 2 scrolls labelled WUNYXK IRUODA.
  1537 | D:1      | 1537 ||| READING scroll labelled ROEPIJOEPH.
  1538 | D:1      | 1538 ||| READING scroll labelled VEINORGH HAKAGU.
  1539 | D:1      | 1539 ||| DROPPING scroll of blinking.
  1540 | D:1      | 1540 ||| DROPPING scroll of torment.
  1541 | D:1      | 1541 ||| Stepping randomly (stuck).
  1542 | D:1      | 1542 ||| Stepping ~*~*~tactically~*~*~ (cloud).
  1542 | D:1      | HP: 5/21 [poisoned by you (poison gas)]
  1543 | D:1      | HP: 2/21 [poisoned by you (poison gas)]
  1544 | D:1      | Succumbed to their own poison gas

Levels and vault maps discovered:
D:1:      evilmike_arrival_rings, layout_basic,
          hellmonk_ecumenical_altar_pennies_from_heaven

Skill      XL: |  1  2  3 |
---------------+----------+-----
Axes           | 3 4 |  4.0
Fighting       | |  2.0
Throwing       | |  1.0
Armour         | |  1.1
Dodging        | |  2.1
Spellcasting   | |  2.0
Translocations | |  2.4

Action                   || total
-------------------------++-------
Melee: Hand axe          ||    51
       Kick              ||    10
       Peck              ||     6
Throw: Boomerang         ||     7
  Use: Scroll            ||     4
Armor: Leather armour    ||     9
Dodge: Dodged            ||    25

Table legend:
 A = Non-vault XP
 B = Vault XP
 C = Vault XP percentage of total XP
 D = Non-vault monster count
 E = Vault monster count
 F = Vault count percentage of total count
                 A         B        C        D         E       F
            +---------+---------+-------+---------+---------+-------
      Total |      49 |       0 |   0.0 |      28 |       0 |   0.0
            +---------+---------+-------+---------+---------+-------
        D:1 |      49 |       0 |   0.0 |      28 |       0 |   0.0
            +---------+---------+-------+---------+---------+-------
